AoeStats
← Moneda de 5 duros

Hideout

510001811Analyzed
1v1 RM · 2d ago on Sep 29, 2026· 56m 21s· 2 players
Game mode
Random Map
Map size
Tiny (2 player)
Population
200
Speed
Normal
Resources
Standard
Victory
Conquest
Starting age
Dark Age
Ending age
Imperial Age
RankedLock teamsTeams togetherTeam positionsShared explorationLock speedFull tech treeHidden civsTurbo modeCheats
Victory
Defeat
🇲🇽 Khmer · Mexico
478
+20
🇪🇸 Inca · Spain
556
-20
marcooo14
7:15 Loom
11:10 Feudal Age
11:55 Double-Bit Axe
11:52 Horse Collar
12:56 Wheelbarrow
16:42 Stone Mining
16:47 Gold Mining
21:24 Castle Age
24:28 Bow Saw
25:35 Gold Shaft Mining
25:36 Stone Shaft Mining
26:45 Husbandry
28:18 Scale Barding Armor
28:04 Fletching
28:38 Ballistics
28:52 Heavy Plow
30:31 Hand Cart
30:02 Town Watch
34:54 Imperial Age
32:27 Town Patrol
32:53 Bodkin Arrow
32:59 Padded Archer Armor
35:35 Leather Archer Armor
35:47 Chain Barding Armor
36:58 Crop Rotation
38:41 Bracer
39:12 Ring Archer Armor
38:39 Murder Holes
38:55 Fortified Wall
39:46 Chemistry
39:08 Cavalier
40:26 Elite Battle Elephant
43:22 Elite Ballista Elephant
44:58 Conscription
49:09 Plate Barding Armor
48:38 Pikeman
49:06 Arson
Moneda de 5 duros
11:12 Feudal Age
13:06 Wheelbarrow
12:13 Horse Collar
12:21 Double-Bit Axe
17:25 Gold Mining
17:29 Stone Mining
21:15 Castle Age
19:47 Champi Runner
23:05 Hand Cart
22:52 Heavy Plow
27:43 Bow Saw
30:06 Scale Mail Armor
30:18 Forging
29:58 Fletching
30:09 Padded Archer Armor
33:51 Andean Sling
35:29 Chain Mail Armor
36:43 Gold Shaft Mining
37:24 Squires
38:51 Iron Casting
38:13 Bodkin Arrow
38:34 Leather Archer Armor
41:05 Imperial Age
41:15 Thumb Ring
42:11 Ballistics
42:52 Chemistry
43:06 Fabric Shields
45:00 Blast Furnace
44:31 Plate Mail Armor
44:02 Bracer
49:08 Elite Kamayuk
Connection lost

Rejoining the realm…

Still unreachable

The connection could not be restored.

Session expired

The server has moved on; the page needs a fresh start.